 Dungeon Crawl Stone Soup version 0.29-a0-337-g68df138881 (webtiles) character file.

Game seed: 16900624749302505025

24549 sammy202020 the Fighter (level 12, -23/115 HPs)
             Began as a Demonspawn Berserker on Apr 16, 2022.
             Was an Elder of Trog.
             Annihilated by a stone giant (33 damage)
             ... on level 13 of the Dungeon.
             The game lasted 00:28:17 (16856 turns).

sammy202020 the Fighter (Demonspawn Berserker)     Turns: 16856, Time: 00:28:18

Health: -23/115    AC: 23    Str: 26    XL:     12   Next: 81%
Magic:  10/10      EV:  8    Int: 11    God:    Trog [****..]
Gold:   131        SH:  0    Dex: 16    Spells: 11/11 levels left

rFire   . . .      SeeInvis .   M - +6 war axe (flame)
rCold   . . .      Faith    .   F - +2 kite shield
rNeg    . . .      Spirit   .   u - +3 chain mail "Ruefoin" {Rampage}
rPois   .          Reflect  .   A - +0 helmet
rElec   .          Harm     .   l - +0 cloak
rCorr   .          Rampage  +   o - +2 pair of gloves {Dex+3}
Will    ++...                   (no boots)
Stlth   ..........              (no amulet)
HPRegen 1.29/turn               c - +6 ring of strength
MPRegen 0.12/turn               (no ring)

@: confused, ambrosia-drunk, strong-willed (expiring), on berserk cooldown,
regenerating (expiring), slowed, very slow
A: hooves 1, yellow scales 2, demonic guardian 1, demonic magic 3, low MP 1,
robust 1
a: Renounce Religion, Berserk, Trog's Hand, Brothers in Arms


You were on level 13 of the Dungeon.
You worshipped Trog.
Trog was greatly pleased with you.
You visited 1 branch of the dungeon, and saw 13 of its levels.

You collected 859 gold pieces.
You spent 728 gold pieces at shops.

Inventory:

Hand Weapons
 z - a +0 arbalest
 M - a +6 war axe of flaming (weapon)
Missiles
 k - 6 javelins (quivered)
 n - a curare-tipped dart
 x - 9 poisoned darts
 D - a boomerang
 G - 3 boomerangs of dispersal
 L - 2 throwing nets
Armour
 l - a +0 cloak (worn)
 o - a +2 pair of gloves of dexterity (worn)
 r - the +0 plate armour of Reason {Drain rC+ Int+4}
   (You bought it in a shop on level 4 of the Dungeon)

   Int:       It affects your intelligence (+4).
   rC:        It protects you from cold.
   Drain:     It drains your maximum health when unequipped.
 t - a +0 plate armour
 u - the +3 chain mail "Ruefoin" (worn) {Rampage}
   (You found it on level 5 of the Dungeon)

   Rampage:   It bestows one free step when moving towards enemies.
 A - a +0 helmet (worn)
 F - a +2 kite shield (worn)
Jewellery
 c - a +6 ring of strength (left hand)
 C - a ring of ice
Wands
 s - a wand of acid (7)
 B - a wand of mindburst (3)
 H - a wand of polymorph (5)
Scrolls
 f - 3 scrolls of immolation {unknown}
 i - 3 scrolls of amnesia
 m - 4 scrolls of vulnerability
 p - 4 scrolls of identify
 w - 4 scrolls of enchant armour
 y - 5 scrolls of teleportation
 I - a scroll of blinking
Potions
 d - a potion of mutation
 e - a potion of might
 g - 3 potions of lignification
 h - 3 potions of curing
 j - 4 potions of cancellation
 q - a potion of ambrosia
 v - 3 potions of haste
 K - a potion of attraction {unknown}
Miscellaneous
 a - a tin of tremorstones (1/2)


   Skills:
 * Level 13.2 Fighting
 * Level 12.1 Axes
 + Level 8.5 Armour
 - Level 1.7 Dodging
 + Level 7.6 Shields


You had 11 spell levels left.
You didn't know any spells.
Your spell library was empty.

Dungeon Overview and Level Annotations

Branches:
Dungeon (13/15)            Temple (0/1) D:7            Lair (0/6) D:11
    Orc (0/2) D:11
 Vaults: D:13-14

Altars:
Elyvilon
Gozag
Makhleb
Xom
The Shining One
Lugonu

Shops:
D:4 [   D:10 (

Portals:
Trove: D:10 (show slimy rune of Zot)

Annotations:
D:10 1 transporter


Innate Abilities, Weirdness & Mutations

You have large cloven feet.
You are mostly covered in yellow scales. (AC +3)
A weak demonic guardian rushes to your aid.
Spells you cast and wands you use may paralyse nearby enemies.
Your magical capacity is low. (-10% MP)
You are robust. (+10% HP)


Message History

Trog accepts your kill.
You slash the deep elf high priest! You burn the deep elf high priest.
You kill the deep elf high priest!
Trog accepts your kill.
You see here a +0 long sword.
Unknown command.
You feel a strong urge to attack something.
A yaktaur comes into view.
You feel your anger nearly subside.
You are no longer berserk.
You are exhausted.
You feel yourself slow down.
You now have 131 gold pieces (gained 9).
A stone giant comes into view.
The stone giant shouts!
You see here a hornet corpse.
You feel much better.
You see here a +1 scimitar of flaming.
Your skin crawls.
You feel strong-willed.
Your quasit disappears in a puff of smoke!
The stone giant throws a large rock.
You block the large rock.
The stone giant throws a large rock.
You block the large rock.
You slice the stone giant!! You burn the stone giant!
Your kick misses the stone giant.
The stone giant is moderately wounded.
The stone giant hits you!!
* * * LOW HITPOINT WARNING * * *
A demonic guardian appears!
The stone giant hits you!
* * * LOW HITPOINT WARNING * * *
You are confused.
You feel invigorated. The stone giant hits you!
* * * LOW HITPOINT WARNING * * *
Your iron imp hits the stone giant.
The stone giant hits you but does no damage.
You hit the stone giant but do no damage.
Your kick misses the stone giant.
The stone giant is moderately wounded.
You feel the effects of Trog's Hand fading.
The stone giant hits you!!
You die...

≈ ################≈≈
#.................
####...........##≈≈≈
....>...............
####...........####
## #............@.#
≈# ##############C#
≈# ######.5#### # ≈#
...........## .# ≈#
.###.###)...## .. ≈#
##....c##†...#.# ≈#
#.##.##.##)....# ≈#
.##...##.#.)...# ##
.#.....#.#......#


You could see a stone giant (ally target) and a friendly iron imp (summoned).

Vanquished Creatures
  A deep elf high priest (D:13)
  2 boulder beetles
  A hydra (D:11)
  A centaur warrior (D:13)
  2 two-headed ogres
  Amaemon (D:10)
  3 skeletal warriors (D:12)
  An orc knight (D:10)
  A manticore (D:12)
  An ugly thing (D:13)
  3 cyclopes (D:12)
  A gargoyle (D:11)
  Maggie (D:6)
  An unseen horror (D:12)
  An orange demon (D:10)
  An efreet (D:13)
  A yaktaur (D:10)
  2 komodo dragons
  6 trolls
  Grinder (D:3)
  2 hornets
  5 slime creatures (D:12)
  Sigmund (D:2)
  2 wyverns
  2 wraiths
  A shadow (D:13)
  23 yaks
  A basilisk (D:13)
  Grum (D:10)
  2 steam dragons
  2 vampire mosquitoes (D:12)
  An acid dragon (D:9)
  2 water moccasins
  A black bear (D:8)
  3 ice beasts
  7 orc warriors
  An ogre (D:6)
  4 centaurs
  3 wolves (D:10)
  2 phantoms (D:6)
  2 kobold brigands
  3 bullfrogs
  2 gnoll sergeants
  A necrophage (D:6)
  18 wights
  2 jellies
  12 killer bees
  3 electric eels (D:13)
  2 howler monkeys
  4 hounds
  13 orc priests
  3 iguanas
  14 orc wizards
  11 gnolls
  9 adders
  2 white imps
  3 ufetubi
  A dart slug (D:3)
  64 orcs
  5 endoplasms
  3 giant cockroaches
  3 goblins (D:4)
  8 hobgoblins
  10 jackals
  14 kobolds
  6 quokkas
  4 ball pythons
  6 bats
  4 frilled lizards
  3 rats
333 creatures vanquished.

Vanquished Creatures (collateral kills)
  An unseen horror (D:10)
  An ogre (D:5)
  A howler monkey (D:4)
  A gnoll (D:4)
  A shadow imp (D:5)
  An orc (D:11)
  A hobgoblin (D:4)
  4 jackals (D:4)
  A kobold (D:4)
  A quokka (D:3)
13 creatures vanquished.

Grand Total: 346 creatures vanquished

Notes
Turn   | Place    | Note
-------+----------+-------------------------------------------
     0 | D:1      | sammy202020 the Demonspawn Berserker began the quest for
                  | the Orb.
     0 | D:1      | Reached XP level 1. HP: 18/18 MP: 1/1
   436 | D:1      | Gained mutation: Spells you cast may paralyse adjacent
                  | enemies. [demonic ancestry]
   436 | D:1      | Reached XP level 2. HP: 23/24 MP: 2/2
  1153 | D:2      | Found a burning altar of Makhleb.
  1180 | D:2      | Gained mutation: A weak demonic guardian rushes to your
                  | aid. [demonic ancestry]
  1180 | D:2      | Reached XP level 3. HP: 26/29 MP: 3/3
  1228 | D:2      | Noticed Sigmund
  1236 | D:2      | Killed Sigmund
  1237 | D:2      | Reached skill level 4 in Fighting
  1237 | D:2      | Reached XP level 4. HP: 24/38 MP: 4/4
  1237 | D:2      | Reached XP level 5. HP: 28/43 MP: 5/5
  1251 | D:2      | Found a faded altar of an unknown god.
  1895 | D:2      | Reached ** piety under Trog
  2180 | D:3      | Noticed Grinder
  2201 | D:3      | Killed Grinder
  2202 | D:3      | Reached skill level 5 in Fighting
  2202 | D:3      | Gained mutation: You are partially covered in yellow
                  | scales. (AC +2) [demonic ancestry]
  2202 | D:3      | Reached XP level 6. HP: 17/51 MP: 6/6
  2848 | D:3      | Gained mutation: Your magical capacity is low. (-10% MP)
                  | [potion of mutation]
  2848 | D:3      | Gained mutation: You are robust. (+10% HP) [potion of
                  | mutation]
  3212 | D:4      | Identified the +8 spear "Usiosaec" {drain, Int+4}
  3388 | D:4      | Reached skill level 5 in Axes
  3535 | D:4      | Reached XP level 7. HP: 9/61 MP: 6/6
  3895 | D:4      | Found Ming's Antique Armour Boutique.
  4726 | D:5      | Entered Level 5 of the Dungeon
  4905 | D:5      | Identified the +3 chain mail "Ruefoin" {Rampage}
  4937 | D:5      | Reached skill level 1 in Shields
  5103 | D:5      | Reached skill level 6 in Fighting
  6043 | D:6      | Gained mutation: You have large cloven feet. [demonic
                  | ancestry]
  6043 | D:6      | Reached XP level 8. HP: 71/71 MP: 7/7
  6169 | D:6      | Reached skill level 7 in Fighting
  6582 | D:6      | Gained mutation: Spells you cast may paralyse nearby
                  | enemies. [demonic ancestry]
  6582 | D:6      | Reached XP level 9. HP: 67/80 MP: 8/8
  6605 | D:6      | Noticed a boulder beetle
  6606 | D:6      | Reached *** piety under Trog
  6609 | D:6      | Noticed Maggie
  6621 | D:6      | Reached skill level 8 in Fighting
  6623 | D:6      | Killed Maggie
  6624 | D:6      | Reached skill level 5 in Armour
  6650 | D:6      | HP: 2/81 [boulder beetle (11)]
  6676 | D:6      | Killed a boulder beetle
  6902 | D:6      | Reached skill level 9 in Fighting
  7444 | D:7      | Gained mutation: You are mostly covered in yellow scales.
                  | (AC +3) [demonic ancestry]
  7444 | D:7      | Reached XP level 10. HP: 91/91 MP: 9/9
  7681 | D:7      | Found a staircase to the Ecumenical Temple.
  7742 | D:7      | Noticed a two-headed ogre
  7754 | D:7      | Killed a two-headed ogre
  8661 | D:8      | Reached **** piety under Trog
  8983 | D:8      | Reached skill level 5 in Shields
  9031 | D:8      | Reached skill level 10 in Fighting
 10589 | D:9      | Noticed a two-headed ogre
 10609 | D:9      | Killed a two-headed ogre
 10610 | D:9      | Gained mutation: Spells you cast and wands you use may
                  | paralyse nearby enemies. [demonic ancestry]
 10610 | D:9      | Reached XP level 11. HP: 58/101 MP: 9/9
 11198 | D:10     | Entered Level 10 of the Dungeon
 11198 | D:10     | Noticed a green ugly thing
 11198 | D:10     | Noticed a cyan ugly thing
 11198 | D:10     | Noticed a large abomination
 11198 | D:10     | Noticed a large abomination
 11198 | D:10     | Found a corrupted altar of Lugonu.
 11198 | D:10     | Found a transporter.
 11213 | D:10     | Noticed an orc knight
 11227 | D:10     | Killed an orc knight
 11234 | D:10     | Reached skill level 10 in Axes
 11237 | D:10     | Found an opulent altar of Gozag.
 11255 | D:10     | Reached skill level 11 in Fighting
 11371 | D:10     | Noticed Amaemon
 11386 | D:10     | Killed Amaemon
 12042 | D:10     | Noticed Grum
 12064 | D:10     | Killed Grum
 12292 | D:10     | Found a portal to a secret trove of treasure.
 12329 | D:10     | Found Yfooph's Weapon Emporium.
 13014 | D:4      | Bought a pitted plate armour for 728 gold pieces
 13014 | D:4      | Identified the +0 plate armour of Reason {Drain rC+ Int+4}
                  | (You bought it in a shop on level 4 of the Dungeon)
 13538 | D:11     | Noticed a six-headed hydra
 13545 | D:11     | Killed a six-headed hydra
 13802 | D:11     | Found a staircase to the Lair.
 14054 | D:11     | Reached skill level 12 in Fighting
 14246 | D:11     | Reached ***** piety under Trog
 14253 | D:11     | Found a staircase to the Orcish Mines.
 14255 | D:11     | Reached XP level 12. HP: 74/112 MP: 10/10
 14257 | D:11     | Noticed a boulder beetle
 14298 | D:11     | Killed a boulder beetle
 14348 | D:11     | Received a gift from Trog
 15129 | D:12     | Found a shimmering altar of Xom.
 15129 | D:12     | Found a shimmering altar of Xom.
 16358 | D:12     | Found a shimmering altar of Xom.
 16360 | D:12     | Found a shimmering altar of Xom.
 16361 | D:12     | Found a shimmering altar of Xom.
 16361 | D:12     | Found a shimmering altar of Xom.
 16390 | D:12     | Found a shimmering altar of Xom.
 16480 | D:13     | Reached skill level 13 in Fighting
 16821 | D:13     | Noticed a centaur warrior
 16824 | D:13     | Noticed a deep elf high priest
 16836 | D:13     | HP: 7/172 [deep elf high priest/divine providence (9)]
 16837 | D:13     | Killed a centaur warrior
 16837 | D:13     | Killed a deep elf high priest
 16845 | D:13     | Noticed a stone giant
 16854 | D:13     | HP: 1/115 [stone giant (11)]
 16856 | D:13     | Annihilated by a stone giant

Illustrated notes

Levels and vault maps discovered:
D:1:      amcnicky_arrival_underground_garden, layout_basic
D:2:      layout_loops_ring, shapermc_ecumenical_altar_notcrosses, basic_altar,
          minmay_tetromino_o4, uniq_sigmund
D:3:      layout_basic, minmay_close_crescents, uniq_grinder
D:4:      layout_basic, serial_shops, shop
D:5:      layout_loops_ring, mainiacjoe_overflow_large_starburst,
          corexii_corridor_pit
D:6:      layout_basic, nzn_random_ring, uniq_maggie
D:7:      layout_rooms, minmay_temple_entry_grid
D:8:      layout_basic
D:9:      layout_gridville, nrook_mini_vaults
D:10:     gammafunk_corrupted_shrine, layout_loops_corners, serial_shops,
          shop_statue, nicolae_trove_entry_crystal, minmay_ruined_shrine,
          uniq_grum, uniq_amaemon
D:11:     layout_loops_corners, lair_entry_dummy, hiddenorc2_lemuel
D:12:     layout_long_grid, xom_shifter_show
D:13:     minmay_strange_plus, layout_basic, kennysheep_nondescript

Skill      XL: |  1  2  3  4  5  6  7  8  9 10 11 12 |
---------------+-------------------------------------+-----
Axes           | 3 4 5 7 8 9 11 12 | 12.1
Armour         | 2 3 4 5 6 7 8 |  8.5
Fighting       | 4 5 6 7 9 10 12 13 | 13.2
Shields        | 1 3 4 5 6 7 |  7.6
Dodging        | |  1.7

Action                   |  1- 3 |  4- 6 |  7- 9 | 10-12 || total
-------------------------+-------+-------+-------+-------++-------
Melee: Hand axe          |    56 |   142 |   167 |   653 ||  1018
       Punch             |       |     4 |       |       ||     4
       War axe           |       |       |   147 |   176 ||   323
       Kick              |       |       |    60 |   328 ||   388
       Mace              |       |       |       |     2 ||     2
Throw: Javelin           |       |       |       |     3 ||     3
Invok: Berserk           |     1 |     1 |     5 |     7 ||    14
       Trog's Hand       |       |       |     5 |     8 ||    13
Evoke: Tin of tremorston |       |       |       |     1 ||     1
  Use: Scroll            |       |    12 |     3 |     4 ||    19
       Potion            |       |     1 |     4 |     4 ||     9
 Stab: Sleeping          |       |     2 |       |       ||     2
       Distracted        |       |       |       |     3 ||     3
Armor: Animal skin       |    19 |    41 |       |       ||    60
       Chain mail        |       |    34 |   261 |   658 ||   953
Dodge: Dodged            |    34 |    79 |   159 |   279 ||   551
Block: Buckler           |       |       |    88 |   115 ||   203
       Kite shield       |       |       |       |   295 ||   295

Table legend: (Time is in decaauts)
 A = Elapsed time spent in this place.
 B = Non-inter-level travel time spent in this place.
 C = Inter-level travel time spent in this place.
 D = Time resting spent in this place.
 E = Time spent auto-exploring this place.
 F = Levels seen in this place.
 G = Mean time per level.
                   A        B        C        D        E       F      G
               +--------+--------+--------+--------+--------+-----+--------+
         Total |  16989 |  16357 |    632 |   2497 |  10792 |  13 | 1306.8 |
       Dungeon |  16989 |  16357 |    632 |   2497 |  10792 |  13 | 1306.8 |
               +--------+--------+--------+--------+--------+-----+--------+

Top non-repeatable levels by time:
    D:10: 1869 daAuts
     D:4: 1719 daAuts
     D:6: 1589 daAuts
    D:12: 1550 daAuts
     D:9: 1544 daAuts
    D:11: 1400 daAuts
     D:5: 1243 daAuts
     D:7: 1232 daAuts
     D:8: 1174 daAuts
     D:1: 1137 daAuts
     D:2: 1050 daAuts
     D:3: 1008 daAuts
    D:13: 468 daAuts
